 Dungeon Crawl Stone Soup version 0.19-a0-1068-g99dd0f4 (webtiles) character file.

97 FrancescoMac the Twirler (level 4, -3/28 HPs)
             Began as a Tengu Gladiator on Aug 4, 2016.
             Slain by an orc
             ... wielding a +0 dagger
              (4 damage)
             ... on level 3 of the Dungeon.
             The game lasted 00:05:51 (2293 turns).

FrancescoMac the Twirler (Tengu Gladiator)          Turns: 2293, Time: 00:05:51

Health: -3/28      AC:  3    Str: 15    XL:     4   Next: 68%
Magic:  5/5        EV: 14    Int:  9    God:
Gold:   116        SH:  0    Dex: 15    Spells: 0 memorised, 3 levels left

rFire  . . .     SeeInvis .     a - +0 quarterstaff
rCold  . . .     Gourm    .     b - +0 leather armour
rNeg   . . .     Faith    +     (shield currently unavailable)
rPois  .         Spirit   .     c - +0 hat
rElec  .         Dismiss  .     (no cloak)
rCorr  .         Reflect  .     (no gloves)
SustAt .         Harm     .     (boots unavailable)
MR     .....                    g - amulet of faith
Stlth  +.........               (no ring)
                                (no ring)

@:
A: beak, talons 3
a: no special abilities


You were on level 3 of the Dungeon.
You were not hungry.

You visited 1 branch of the dungeon, and saw 3 of its levels.

You collected 116 gold pieces.

Inventory:

Hand Weapons
 a - a +0 quarterstaff (weapon)
Missiles
 d - 3 throwing nets (quivered)
Armour
 b - a +0 leather armour (worn)
 c - a +0 hat (worn)
Jewellery
 g - an amulet of faith (around neck)
 n - a +3 amulet of reflection {unknown}
 o - a cursed ring of teleportation {unknown}
Wands
 r - a wand of slowing (27/48)
Scrolls
 e - a scroll of enchant weapon {unknown}
 h - a scroll of immolation {unknown}
 j - a scroll of fog {unknown}
 l - a scroll of teleportation
 m - a scroll of fear
 p - 2 scrolls of remove curse {unknown}
 q - 2 scrolls of random uselessness {unknown}
 t - a scroll of noise {unknown}
Potions
 k - a potion of ambrosia {unknown}
 s - a potion of lignification {unknown}
 u - a potion of heal wounds {unknown}
 v - a potion of degeneration {unknown}
Comestibles
 f - 4 bread rations
 w - a slice of pizza


   Skills:
 + Level 3.0 Fighting
 + Level 4.3 Staves
 - Level 2.0 Throwing
 + Level 4.2 Dodging


You had 3 spell levels left.
You didn't know any spells.

Dungeon Overview and Level Annotations

Branches:
Dungeon (3/15)

Altars:
Fedhas
The Shining One


Innate Abilities, Weirdness & Mutations

You have a beak for a mouth.
You have claws for feet.


Message History

The orc wizard closely misses you.
You completely miss the orc wizard. Your kick misses the orc wizard.
The orc wizard is severely wounded.
The orc misses you. The orc wizard casts a spell at you.
The puff of flame hits you!
* * * LOW HITPOINT WARNING * * *
The orc wizard casts a spell.
The orc wizard blinks!
The orc completely misses you.
You hit the orc wizard.
The orc wizard is almost dead.
The orc wizard misses you. The orc barely misses you.
You closely miss the orc wizard.
You claw the orc wizard, but do no damage.
You peck the orc wizard.
You kill the orc wizard!
Your Fighting skill increases to level 3!
The orc hits you but does no damage. The orc hits you with a dagger.
You die...

........##......
.#......##......
#.............. #..............
####........... ############
###.#####...
#..[.......#####.........
#....).....#.............
#...o...@..#.............
#######.......o..#.............
#....##..........#.............
##.#.###...####................
#.#.............).............
##.#####.......................
#..............................
########.......................
#.......................


You could see an orc wizard and an orc.

Vanquished Creatures
  An orc wizard (D:3)
  2 adders (D:2)
  2 worms
  A dart slug (D:1)
  A giant gecko (D:2)
  2 orcs (D:3)
  A ball python (D:2)
  A giant cockroach (D:1)
  6 goblins
  5 hobgoblins
  4 jackals (D:2)
  2 quokkas (D:2)
  2 bats (D:2)
  A giant newt (D:2)
  6 kobolds
  5 rats
42 creatures vanquished.

Notes
Turn   | Place    | Note
-------+----------+-------------------------------------------
     0 | D:1      | FrancescoMac the Tengu Gladiator began the quest for the Orb.
     0 | D:1      | Reached XP level 1. HP: 12/12 MP: 2/2
   433 | D:1      | Reached XP level 2. HP: 13/17 MP: 3/3
   851 | D:2      | Reached XP level 3. HP: 9/22 MP: 4/4
  1085 | D:2      | Found a glowing golden altar of the Shining One.
  1413 | D:2      | HP: 1/22 [goblin (4)]
  1414 | D:2      | Reached XP level 4. HP: 1/27 MP: 5/5
  1706 | D:2      | Found a blossoming altar of Fedhas.
  1968 | D:3      | Found a faded altar of an unknown god.
  2290 | D:3      | HP: 1/27 [orc wizard/puff of flame (10)]
  2293 | D:3      | Slain by an orc

Vault maps used:
D:1:      dpeg_arrival_arbitrary_b
D:2:      lemuel_round_altar, nicolae_tso_carved_into_rock
D:3:      ecumenical_altar_2

Skill      XL: |  1  2  3  4 |
---------------+-------------+-----
Staves         | 4 |  4.3
Dodging        | 4 |  4.2
Fighting       | 3 |  3.0
Throwing       | |  2.0

Action                   |  1- 3 |  4- 6 || total
-------------------------+-------+-------++-------
Melee: Quarterstaff      |    77 |    30 ||   107
       Kick              |    19 |     9 ||    28
       Peck              |     4 |     5 ||     9
  Use: Potion            |     2 |       ||     2
       Scroll            |       |     2 ||     2
 Stab: Sleeping          |       |     1 ||     1
  Eat: Chunk             |     2 |     2 ||     4
Armor: Leather armour    |    13 |     3 ||    16
Dodge: Dodged            |    53 |    23 ||    76
